 Dungeon Crawl Stone Soup version 0.32-a0-18-g89e19f1974 (webtiles) character file.

Game seed: 7546427766868666380

437 mopl the Slasher (level 7, -2/55 HPs)
             Began as a Merfolk Fighter on Jan 16, 2024.
             Slain by Duvessa the crocodile (6 damage)
             ... on level 4 of the Dungeon.
             The game lasted 00:04:44 (3310 turns).

mopl the Slasher (Merfolk Fighter)                  Turns: 3310, Time: 00:04:44

Health: -2/55      AC:  8    Str: 19    XL:     7   Next: 1%
Magic:  7/7        EV: 10    Int:  7    God:
Gold:   167        SH:  4    Dex: 13    Spells: 6/6 levels left

rFire   . . .        a - +0 long sword
rCold   . . .        c - +0 buckler
rNeg    . . .        b - +0 scale mail
rPois   .            r - +0 helmet
rElec   .            (no cloak)
rCorr   .            (no gloves)
SInv    .            (no boots)
Will    .....        (no amulet) Stlth
                     (no ring)
HPRegen 0.29/turn    (no ring)
MPRegen 0.10/turn

%: no passive effects
@: mighty
A: (nimble swimmer 2), mertail
a: no special abilities


You were on level 4 of the Dungeon.
You visited 1 branch of the dungeon, and saw 4 of its levels.

You collected 167 gold pieces.

Inventory:

Hand Weapons
 a - a +0 long sword (weapon)
Armour
 b - a +0 scale mail (worn)
 c - a +0 buckler (worn)
 r - a +0 helmet (worn)
Wands
 l - a wand of polymorph (5)
Scrolls
 e - 5 scrolls of teleportation {unknown}
 h - 2 scrolls of identify {unknown}
 i - a scroll of noise {unknown}
 j - a scroll of acquirement {unknown}
 k - 4 scrolls of revelation {unknown}
 m - a scroll of fog {unknown}
 n - a scroll of summoning {unknown}
 p - a scroll of enchant weapon {unknown}
 s - a scroll of fear {unknown}
Potions
 f - a potion of haste {unknown}
 g - a potion of attraction {unknown}
 o - 2 potions of curing {unknown}
 q - a potion of enlightenment {unknown}


   Skills:
 + Level 4.7 Fighting
 * Level 5.8 Long Blades
 + Level 3.2 Armour
 + Level 3.7 Dodging
 - Level 3.0 Shields


You had 6 spell levels left.
You didn't know any spells.
Your spell library contained the following spells:

 Spells                   Type           Power      Damage    Failure   Level
 Kiss of Death            Conj/Necr      0%         2d5       86%         1
 Confusing Touch          Hex            0%         N/A       99%         3
 Animate Dead             Necr           0%         N/A       100%        4
 Dispel Undead            Necr           0%         3d6       100%        4
 Borgnjor's Vile Clutch   Necr/Erth      0%         N/A       100%        5
 Death Channel            Necr           0%         N/A       100%        6


Dungeon Overview and Level Annotations

Branches:
Dungeon (4/15)
 Temple: D:4-7

Altars:
Wu Jian

Annotations:
D:4 Dowan, Duvessa


Innate Abilities, Weirdness & Mutations

((You are very nimble when in or above water. (Stealth+, EV+, Speed+++)))
Your lower body shifts to a powerful aquatic tail in water.


Message History

You hit Duvessa.
Duvessa is lightly wounded.
Duvessa bites you but does no damage.
You hit Duvessa.
Duvessa is moderately wounded.
Duvessa bites you!
You miss Duvessa.
Duvessa is moderately wounded.
Duvessa bites you! You block Duvessa's attack.
You closely miss Duvessa.
Duvessa is moderately wounded.
Duvessa bites you.
You slash Duvessa!
Duvessa is severely wounded.
Duvessa bites you.
Dowan mumbles some strange words.
Dowan blinks!
You closely miss Duvessa.
Duvessa is severely wounded.
Duvessa bites you. Duvessa drags you backwards!
You hit Duvessa.
Duvessa is almost dead.
Duvessa bites you!
* * * LOW HITPOINT WARNING * * *
Duvessa drags you backwards!
Dowan mumbles some strange words.
Dowan blinks!
You closely miss Duvessa.
Duvessa is almost dead.
Duvessa bites you!
* * * LOW HITPOINT WARNING * * *
Duvessa drags you backwards! Duvessa bites you but does no damage.
Unknown command.
You hit Duvessa.
Duvessa is almost dead.
Duvessa bites you but does no damage.
You barely miss Duvessa.
Duvessa is almost dead.
Duvessa bites you.
You die...

##############
#............#
#####.##########.#
......# #$#
####.## #.# #.#
#@# # #.### #l# #
#...# #e# # ###.#
#)# # #.# #.. ####
#.# ##. ...# #.# #
##.# #.# ##.# #.#


You could see Duvessa the crocodile and Dowan.

Vanquished Creatures
  Sigmund (D:3)
  A howler monkey (D:3)
  A hound (D:3)
  A sleepcap (D:4)
  Natasha (thrice) (D:2)
  Robin (D:4)
  2 dart slugs
  An orc (D:3)
  9 endoplasms
  7 giant cockroaches
  12 goblins
  12 hobgoblins
  2 jackals (D:2)
  9 kobolds
  3 quokkas
  6 ball pythons
  5 bats (D:1)
  2 frilled lizards
  7 rats
85 creatures vanquished.

Notes
Turn   | Place    | Note
-------+----------+-------------------------------------------
     0 | D:1      | mopl the Merfolk Fighter began the quest for the Orb.
     0 | D:1      | Reached XP level 1. HP: 18/18 MP: 1/1
    32 | D:1      | Found a faded altar of an unknown god.
    69 | D:1      | Reached XP level 2. HP: 19/24 MP: 2/2
   124 | D:1      | Reached skill level 3 in Long Blades
   124 | D:1      | Reached skill level 1 in Dodging
   496 | D:1      | Reached XP level 3. HP: 29/29 MP: 3/3
   545 | D:2      | Noticed Natasha
   561 | D:2      | Killed Natasha
   702 | D:2      | Noticed Natasha
   712 | D:2      | Killed Natasha
   713 | D:2      | Reached skill level 2 in Dodging
   713 | D:2      | Reached XP level 4. HP: 28/37 MP: 4/4
   764 | D:2      | Noticed Natasha
   775 | D:2      | Killed Natasha
   776 | D:2      | Reached skill level 4 in Long Blades
   911 | D:2      | Reached XP level 5. HP: 42/42 MP: 5/5
   934 | D:2      | Reached skill level 4 in Fighting
  1602 | D:3      | Found an ornate altar of the Wu Jian Council.
  2402 | D:4      | Noticed Robin
  2423 | D:3      | Reached skill level 3 in Dodging
  2533 | D:4      | Noticed Sigmund
  2542 | D:3      | Reached XP level 6. HP: 35/49 MP: 6/6
  2609 | D:3      | Reached skill level 5 in Long Blades
  2728 | D:4      | Killed Robin
  2911 | D:3      | Killed Sigmund
  2912 | D:3      | Reached skill level 3 in Armour
  3054 | D:4      | Reached XP level 7. HP: 5/55 MP: 7/7
  3056 | D:4      | HP: 2/55 [kobold/+0 whip (2)]
  3292 | D:4      | Noticed Dowan
  3293 | D:4      | Noticed Duvessa
  3295 | D:4      | Duvessa changed into Duvessa the crocodile
  3295 | D:4      | Noticed Duvessa
  3310 | D:4      | Slain by Duvessa the crocodile

Illustrated notes

Levels and vault maps discovered:
D:1:      matt_arrival_refuge, layout_rooms, serial_forest,
          infiniplex_forest_lined_3_way, infiniplex_forest_clump_small,
          infiniplex_forest_straight_5, infiniplex_forest_straight_4,
          infiniplex_forest_zigzag_2, infiniplex_forest_end_3,
          hellmonk_ecumenical_altar_run_dry
D:2:      layout_basic, uniq_natasha
D:3:      layout_basic, nicolae_wu_jian_immortal_techniques
D:4:      layout_loops_ring, serial_shops, kennysheep_mini, uniq_sigmund,
          uniq_duvessa, uniq_pikel, uniq_robin

Skill      XL: |  1  2  3  4  5  6 |
---------------+-------------------+-----
Long Blades    | 3 4 5 |  5.8
Dodging        | 1 2 3 |  3.7
Fighting       | 4 |  4.7
Armour         | 3 |  3.2
Shields        | |  3.0

Action                     |  1- 3 |  4- 6 |  7- 9 || total
---------------------------+-------+-------+-------++-------
  Melee: Long sword        |    93 |   223 |    13 ||   329
  Evoke: Wand              |       |       |     3 ||     3
    Use: Potion            |       |       |     1 ||     1
 Armour: Scale mail        |    68 |   187 |    14 ||   269
         Skin              |       |    10 |       ||    10
  Dodge: Dodged            |    57 |   132 |     1 ||   190
  Block: Buckler           |    31 |    65 |     1 ||    97

Table legend: (Time is in decaauts)
 A = Elapsed time spent in this place.
 B = Non-inter-level travel time spent in this place.
 C = Inter-level travel time spent in this place.
 D = Time resting spent in this place.
 E = Time spent auto-exploring this place.
 F = Levels seen in this place.
 G = Mean time per level.
                   A        B        C        D        E       F      G
               +--------+--------+--------+--------+--------+-----+--------+
         Total |   3411 |   3344 |     67 |    703 |   1889 |   4 |  852.8 |
       Dungeon |   3411 |   3344 |     67 |    703 |   1889 |   4 |  852.8 |
               +--------+--------+--------+--------+--------+-----+--------+

Top non-repeatable levels by time:
     D:3: 1506 daAuts
     D:2: 831 daAuts
     D:1: 556 daAuts
     D:4: 516 daAuts
